Father Puk, neutral female human Monk ------ ------ ------ |....| |...)| |.....#### |.<...# |....| |....| # |....|# |....| |)....# # |....|# |....| |....|# |....|# ------------- ---.-- ------# -+-|--# |`.........`.######## # # # ### ### |.....`.....| # # # # ### # |...-----...| ### # #### ## ### |.....{.|...| # # ## #### # |..`|{.{|`..| ### # ##### # # ### |...|.{.|...| # # # -|-.--.--- # |...-----...| ### % # |..>^....| ###|.....`.....| # ------|------- ##.........| ####.`.%.......`| ##-^...........| |........| #------------- |..%.........| |........| -.@..........| |........| -------------- ---------- Father Puk the Novice Experience level: 5 Strength: 17 Dexterity: 16 Constitution: 11 Intelligence: 10 Wisdom: 12 Charisma: 10 Health: 0(35) Energy: 18(18) Def: 9 Gold: 798 Moves: 2428 Dungeon seed: qEQ4v_u6oHYf1CYU Game ID: Father Puk_1663932747 Your Inventory: Coins $ - 798 gold pieces Amulets l - an uncursed amulet of reflection Weapons i - a +0 orcish dagger v - 5 +0 shuriken (in quiver) w - a +0 dart x - a cursed -1 dart Armor e - an uncursed +2 pair of leather gloves (being worn) n - an uncursed +1 robe r - a blessed +2 robe (being worn) y - a blessed +1 Hawaiian shirt (being worn) Y - an uncursed +0 orcish helm (being worn) Comestibles d - 5 uncursed food rations f - 5 uncursed apples g - 5 uncursed oranges h - 3 uncursed fortune cookies k - 2 uncursed lichen corpses C - 3 uncursed tripe rations Scrolls b - a blessed scroll of gold detection B - an uncursed scroll of enchant weapon D - an uncursed scroll of fire Spellbooks a - a blessed spellbook of protection Potions c - 3 uncursed potions of healing F - 2 uncursed potions of speed Rings z - an uncursed ring of shock resistance A - an uncursed ring of polymorph control Tools p - a +0 pick-axe E - a magic marker (0:49) Gems q - an uncursed worthless piece of violet glass N - an uncursed worthless piece of blue glass Spells and supernatural/magical abilities: Name Level Category Fail Memory p - protection 1 clerical 0% 88% r - remove curse 3 clerical 90% 91% W - pray for help -- divine ? -- Your skills at the end: Fighting Skills martial arts [Basic] Weapon Skills Spellcasting Skills healing spells [Basic] Final Attributes: You were piously aligned. You were sleep resistant. You were poison resistant. You saw invisible. You were telepathic. You were stealthy. You were fast. You are dead. Vanquished creatures: a large mimic a fog cloud a shrieker a golden naga hatchling a floating eye 2 homunculi a centipede 2 giant bats a werejackal an acid blob a coyote a large kobold 2 hobgoblins 4 giant rats a green mold 3 garter snakes a gecko 10 jackals 3 foxes 2 goblins a sewer rat 3 grid bugs 6 lichens 2 kobold zombies 9 newts 61 creatures vanquished. Voluntary challenges: You had followed a strict vegan diet until turn 2152. You had followed a strict vegetarian diet until turn 2152. You never hit with a wielded weapon. You read items or engraved 13 times, starting on turn 617. You never genocided any monsters. You never polymorphed an object. You never changed form. You used no wishes. You never split a pudding. You wrote Elbereth's name 1 time, starting on turn 655. You violated your moral code, losing 2 points of alignment, starting on turn 2139. Dungeon overview: The Dungeons of Doom: levels 1 to 6 Level 1 a fountain a long staircase Level 2 (book rem curse 3lvl) a weapon shop Level 3 an altar to Chih Sung-tzu Level 4 stairs to The Gnomish Mines Level 5 Level 6 <- You were here many fountains The Gnomish Mines: Level 5 stairs to The Dungeons of Doom History has recorded: On T:1 you entered the Dungeons of Doom to retrieve the Amulet of Yendor! On T:410 you reached level 2 of The Dungeons of Doom. On T:451 you advanced to experience level 2. On T:861 you advanced to experience level 3. On T:887 you advanced to experience level 4. On T:929 you reached level 3 of The Dungeons of Doom. On T:1355 you reached level 4 of The Dungeons of Doom. On T:1669 you reached level 1 of The Gnomish Mines. On T:1903 you reached level 5 of The Dungeons of Doom. On T:2119 you reached level 6 of The Dungeons of Doom. On T:2306 you advanced to experience level 5. Score breakdown: Gold: 798 ( 9873 points) Experience: 5 levels (11141 points) Exploration: 6 levels ( 11.76%) ( 9486 points) Discoveries: 4 items ( 1.43%) ( 3585 points) Valuables value: (no points given unless you survive) Artifact value: 0 ( 0 points) Variety of kills: 25 monsters ( 6.56%) ( 7684 points) Turncount: 2428 turns ( -287 points) Survival: died (score multiplied by 80%) Total score: 33185 Latest messages: You see here a newt corpse. F - a pink potion. You see here a spear. You stop exploring. You hit the golden naga hatchling. (2x) The golden naga hatchling misses. You kill the golden naga hatchling! There are a few objects here. You stop exploring. You hear a nearby zap. The wand misses the giant rat. The wand misses you. You hear a nearby zap. The wand hits you! You kill the giant rat! You hear a nearby zap. The wand misses you. You see here a giant rat corpse. You hear a nearby zap. The wand hits you! You stop exploring. You die... Final status: Goodbye Father Puk the Monk, killed by a wand... You died in The Dungeons of Doom on dungeon level 6 with 33185 points, and 798 pieces of gold, after 2428 moves. You were level 5 with a maximum of 35 hit points when you died.